 Dungeon Crawl Stone Soup version 0.29.1-2-gbd0b4ee654 (webtiles) character file.

Game seed: 9176702875433437673

1401 Icepheonix32 the Protected (level 8, -9/70 HPs)
             Began as a Minotaur Fighter on Nov 2, 2022.
             Mangled by a vampire (11 damage)
             ... on level 6 of the Dungeon.
             The game lasted 00:06:29 (4869 turns).

Icepheonix32 the Protected (Minotaur Fighter)       Turns: 4869, Time: 00:06:30

Health: -9/70      AC: 11    Str: 21    XL:     8   Next: 41%
Magic:  7/7        EV: 14    Int:  7    God:
Gold:   250        SH:  5    Dex: 10    Spells: 7/7 levels left

rFire   . . .      SeeInvis .   u - +0 dagger (drain)
rCold   . . .      Faith    .   c - +0 buckler
rNeg    . . .      Spirit   .   b - +0 scale mail
rPois   .          Reflect  .   (helmet restricted)
rElec   .          Harm     .   y - +0 cloak
rCorr   .          Rampage  .   (no gloves)
Will    .....                   t - +0 pair of boots
Stlth   ..........              w - amulet of regeneration
HPRegen 1.01/turn               r - +4 ring of evasion
MPRegen 0.10/turn               (no ring)

@: no status effects
A: horns 2, retaliatory headbutt
a: no special abilities


You were on level 6 of the Dungeon.
You visited 1 branch of the dungeon, and saw 6 of its levels.

You collected 250 gold pieces.

Inventory:

Hand Weapons
 a - a +0 war axe
 u - a +0 dagger of draining (weapon)
 C - a +1 rapier of venom
Missiles
 l - 4 javelins (quivered)
 D - a curare-tipped dart
Armour
 b - a +0 scale mail (worn)
 c - a +0 buckler (worn)
 h - a +1 leather armour of positive energy
 n - a +0 ring mail
 t - a +0 pair of boots (worn)
 y - a +0 cloak (worn)
Jewellery
 r - a +4 ring of evasion (left hand)
 w - an amulet of regeneration (around neck)
Wands
 s - a wand of quicksilver (7)
 E - a wand of polymorph (9)
 H - a wand of mindburst (14)
Scrolls
 g - 3 scrolls of teleportation
 o - a scroll of blinking
 x - a scroll of identify
 z - a scroll of magic mapping {unknown}
 A - a scroll of amnesia {unknown}
 B - 2 scrolls of poison {unknown}
 F - a scroll of fear {unknown}
 G - a scroll of vulnerability {unknown}
Potions
 d - a potion of might
 e - 3 potions of mutation {unknown}
 f - 3 potions of attraction {unknown}
 i - 2 potions of curing
 j - 2 potions of degeneration {unknown}
 k - a potion of haste {unknown}
 m - a potion of flight {unknown}
 p - a potion of magic {unknown}
 q - a potion of berserk rage {unknown}
 v - 3 potions of cancellation {unknown}


   Skills:
 * Level 6.1 Fighting
 + Level 3.8 Short Blades
 + Level 4.4 Axes
 + Level 0.1 Throwing
 * Level 8.6 Armour
 + Level 3.2 Dodging
 + Level 0.2 Stealth
 + Level 5.5 Shields


You had 7 spell levels left.
You didn't know any spells.
Your spell library contained the following spells:

 Spells                   Type           Power      Damage    Failure   Level
 Blink                    Tloc           0%         N/A       91%         2
 Lesser Beckoning         Tloc           0%         N/A       99%         3
 Manifold Assault         Tloc           0%         N/A       100%        5
 Dispersal                Tloc           0%         N/A       100%        6
 Disjunction              Tloc           0%         N/A       100%        8


Dungeon Overview and Level Annotations

Branches:
Dungeon (6/15)
 Temple: D:4-7

Altars:
Wu Jian
The Shining One

Shops:
D:4 :


Innate Abilities, Weirdness & Mutations

You have a pair of horns on your head.
You reflexively headbutt those who attack you in melee.


Message History

You hit something. Something hits you but does no damage.
Something bites you but does no damage.
You hit something but do no damage. You block something's attack.
Something bites you!
Something draws strength from your injuries!
You hit something but do no damage. You hit something but do no damage.
Something hits you but does no damage. Something bites you!
Something draws strength from your injuries!
You hit something but do no damage. Something hits you but does no damage.
Something barely misses you.
You barely miss something. You headbutt something! Something hits you.
Something barely misses you.
You miss something. Your headbutt misses something.
You hear some strange, mumbled words.
Something tries to affect you, but you resist.
You completely miss something. You headbutt something. Something hits you!
Something bites you but does no damage.
You miss something. Something barely misses you. Something bites you!
Something draws strength from your injuries!
You miss something. You headbutt something. You miss something.
Your headbutt misses something. Something hits you but does no damage.
Something bites you!
* * * LOW HITPOINT WARNING * * *
Something draws strength from your injuries!
You hit something but do no damage. You block something's attack.
Something bites you.
* * * LOW HITPOINT WARNING * * *
Something draws strength from your injuries!
You miss something. Something hits you but does no damage.
Something bites you but does no damage.
You hit something but do no damage. Your headbutt misses something.
Something hits you!
* * * LOW HITPOINT WARNING * * *
You block something's attack.
You hit something. Your headbutt misses something. You barely miss something.
You headbutt something. Something hits you!
* * * LOW HITPOINT WARNING * * *
Something bites you!
You die...

#.......##.>..
#.##.##.# #.<.
######.##.##.# ###.
#$#..........######
.####.##.##.......
..# #.##.##.......
#.# #........###.#
#{# ####.###.##.#.
#. #@# #.###.#.### .
#.# #.....##.#. .#
#.# ####>.###.# .
#.# #..# #.# #.#
#..###.# ###.###
#...##.# #
#.....#######.#.....
#####
#.....#.....[...##.#
....#
#.......##########.#


There were no monsters in sight!

Vanquished Creatures
  Eustachio (D:5)
  A water moccasin (D:6)
  Pargi (D:3)
  An ogre (D:5)
  A kobold brigand (D:5)
  A bullfrog (D:6)
  2 necrophages (D:4)
  6 scorpions
  5 hounds
  2 orc priests (D:4)
  2 iguanas
  4 adders
  An ufetubus (D:4)
  A dart slug (D:2)
  3 orcs
  9 ball pythons
  7 endoplasms
  3 giant cockroaches
  10 goblins
  6 hobgoblins
  3 jackals (D:4)
  5 quokkas
  2 bats
  A frilled lizard (D:1)
  14 kobolds
  6 rats
98 creatures vanquished.

Notes
Turn   | Place    | Note
-------+----------+-------------------------------------------
     0 | D:1      | Icepheonix32 the Minotaur Fighter began the quest for the
                  | Orb.
     0 | D:1      | Reached XP level 1. HP: 19/19 MP: 0/0
   219 | D:1      | Reached XP level 2. HP: 27/27 MP: 1/1
  1222 | D:2      | Found an ornate altar of the Wu Jian Council.
  1256 | D:2      | Reached XP level 3. HP: 33/33 MP: 2/2
  1285 | D:2      | Reached skill level 4 in Armour
  2157 | D:3      | Found a faded altar of an unknown god.
  2211 | D:3      | Noticed Pargi
  2230 | D:3      | Killed Pargi
  2231 | D:3      | Reached skill level 1 in Dodging
  2231 | D:3      | Reached XP level 4. HP: 36/41 MP: 3/3
  2231 | D:3      | Reached XP level 5. HP: 41/47 MP: 4/4
  2293 | D:3      | Reached skill level 5 in Armour
  2990 | D:4      | Reached skill level 5 in Fighting
  3090 | D:4      | Reached XP level 6. HP: 36/56 MP: 5/5
  3352 | D:4      | Reached skill level 1 in Short Blades
  3352 | D:4      | Reached skill level 6 in Armour
  3426 | D:4      | Found Ceillieb's Book Boutique.
  3609 | D:5      | Entered Level 5 of the Dungeon
  3702 | D:5      | Reached XP level 7. HP: 61/61 MP: 6/6
  3725 | D:5      | Found a glowing golden altar of the Shining One.
  3809 | D:5      | Reached skill level 7 in Armour
  3831 | D:5      | Noticed Eustachio
  3850 | D:5      | Killed Eustachio
  3851 | D:5      | Reached skill level 5 in Shields
  4328 | D:5      | Reached skill level 8 in Armour
  4328 | D:5      | Reached XP level 8. HP: 41/70 MP: 7/7
  4869 | D:6      | HP: 2/70 [something (8)]
  4869 | D:6      | Mangled by a vampire

Illustrated notes

Levels and vault maps discovered:
D:1:      dpeg_arrival_morbid_curiosity, layout_loops_ring, nrook_loot_triangle,
          minmay_misc_feat_chi
D:2:      layout_basic, basic_altar
D:3:      layout_loops_ring, shapermc_ecumenical_altar_flowoftime, minivault_23,
          nicolae_kite_square_tiling_tiny, nicolae_elevator_lobby_asterisk,
          uniq_pargi
D:4:      layout_gridville, serial_shops, nicolae_stop_n_shop_1
D:5:      layout_gridville, tso_metal_star, st_stairs_13, uniq_eustachio
D:6:      layout_loops_ring, minmay_microvault

Skill      XL: |  1  2  3  4  5  6  7  8 |
---------------+-------------------------+-----
Fighting       | 4 5 6 |  6.1
Shields        | 4 5 |  5.5
Armour         | 4 5 6 8 |  8.6
Axes           | 3 4 |  4.4
Dodging        | 1 2 3 |  3.2
Short Blades   | 1 2 3 |  3.8
Throwing       | |  0.1
Stealth        | |  0.2

Action                   |  1- 3 |  4- 6 |  7- 9 || total
-------------------------+-------+-------+-------++-------
Melee: War axe           |   100 |       |       ||   100
       Headbutt          |    18 |    17 |    27 ||    62
       Dagger            |    18 |   102 |   146 ||   266
Throw: Javelin           |     3 |       |       ||     3
  Use: Scroll            |     4 |       |       ||     4
       Potion            |       |     1 |     1 ||     2
Armor: Scale mail        |    73 |    34 |    57 ||   164
Dodge: Dodged            |    59 |    49 |    74 ||   182
Block: Buckler           |    24 |    17 |    39 ||    80
